 Dungeon Crawl Stone Soup version 0.23.2-1-ga50397a (webtiles) character file.

Game seed: 8306863880296963555

32 Queaw the Shield-Bearer (level 3, -8/36 HPs)
             Began as a Troll Fighter on May 14, 2019.
             Mangled by an ogre
             ... wielding a +0 giant club
              (13 damage)
             ... on level 2 of the Dungeon.
             The game lasted 00:17:55 (1042 turns).

Queaw the Shield-Bearer (Troll Fighter)             Turns: 1042, Time: 00:18:00

Health: -8/36      AC:  6    Str: 25    XL:     3   Next: 10%
Magic:  2/2        EV:  8    Int:  4    God:
Gold:   77         SH:  9    Dex:  9    Spells: 2/2 levels left

rFire    . . .     SeeInvis .   a - +0 flail
rCold    . . .     Gourm    +   c - +0 shield
rNeg     . . .     Faith    .   b - +0 robe
rPois    .         Spirit   .   (helmet restricted)
rElec    .         Reflect  .   (no cloak)
rCorr    .         Harm     .   (gloves unavailable)
MR       .....                  (boots unavailable)
Stlth    +.........             (no amulet)
HPRegen  0.52/turn              (no ring)
MPRegen  0.08/turn              (no ring)

@: no status effects
A: large, unfitting armour, claws 3, fast metabolism 3, gourmand, regeneration
1, shaggy fur 1, tough skin 3
a: no special abilities


You were on level 2 of the Dungeon.
You were not hungry.

You visited 1 branch of the dungeon, and saw 2 of its levels.

You collected 77 gold pieces.

Inventory:

Hand Weapons
 a - a +0 flail (weapon)
 j - a +0 short sword
 p - a +0 club
 q - a cursed +0 club
 s - a +0 short sword
Missiles
 n - 32 arrows
Armour
 b - a +0 robe (worn)
 c - a +0 shield (worn)
 r - a cursed +0 buckler
Scrolls
 i - 2 scrolls of identify {unknown}
 k - a scroll of fear {unknown}
 l - a scroll of enchant armour {unknown}
 t - a scroll of noise {unknown}
Potions
 d - a potion of might
 g - 2 potions of haste {unknown}
 h - a potion of flight {unknown}
Comestibles
 f - 4 rations


   Skills:
 + Level 2.6 Fighting
 + Level 2.0 Maces & Flails
 + Level 2.7 Dodging
 + Level 0.1 Stealth
 + Level 2.8 Shields


You had 2 spell levels left.
You didn't know any spells.
Your spell library was empty.

Dungeon Overview and Level Annotations

Branches:
Dungeon (2/15)

Altars:


Innate Abilities, Weirdness & Mutations

You are too large for most types of armour.
You have claws for hands.
Your metabolism is lightning-fast.
You like to eat raw meat.
Your natural rate of healing is unusually fast.
You are covered in fur. (AC +1)
You have extremely tough skin. (AC +3)


Message History

You block the ogre's attack.
You are too injured to fight recklessly!
You are too injured to fight recklessly!
The ogre hits you with a +0 giant club.
* * * LOW HITPOINT WARNING * * *
The ogre barely misses you. You block the jackal's attack.
There is a stone staircase leading up here.
The jackal bites you but does no damage.
The ogre barely misses you.
You climb upwards.
There is a stone staircase leading down here.
The jackal bites you but does no damage.
The jackal completely misses you.
You climb downwards.
A worm comes into view.
You block the jackal's attack.
The jackal bites you but does no damage.
The ogre hits you with a +0 giant club!
You die...

#.# #.# #.# #.# #.#
#######÷###
......)...###
#####......h########
#......O@.......
#.....#h#######.
#.#.#.#.# #.#.....#
#....≈≈.. ##.≈≈≈≈≈.
#.≈≈≈≈≈.# .w≈≈≈≈≈.#


You could see an ogre, a worm (wandering) and 2 jackals.

Vanquished Creatures
  An ooze (D:1)
  A dart slug (D:2)
  A ball python (D:1)
  2 giant cockroaches
  2 goblins
  2 hobgoblins (D:1)
  A jackal (D:2)
  3 bats
  9 frilled lizards
  4 kobolds
  3 rats (D:1)
29 creatures vanquished.

Notes
Turn   | Place    | Note
-------+----------+-------------------------------------------
     0 | D:1      | Queaw the Troll Fighter began the quest for the Orb.
     0 | D:1      | Reached XP level 1. HP: 22/22 MP: 0/0
   336 | D:1      | Reached XP level 2. HP: 29/29 MP: 1/1
   989 | D:2      | Reached XP level 3. HP: 36/36 MP: 2/2
  1006 | D:2      | Noticed an ogre
  1034 | D:2      | HP: 1/36 [ogre/+0 giant club (4)]
  1042 | D:2      | Mangled by an ogre

Skill      XL: |  1  2 |
---------------+-------+-----
Maces & Flails | 2 |  2.0
Fighting       | |  2.6
Dodging        | |  2.7
Stealth        | |  0.1
Shields        | |  2.8

Action                   || total
-------------------------++-------
Melee: Flail             ||   129
  Use: Scroll            ||     1
       Potion            ||     2
 Stab: Sleeping          ||     1
  Eat: Chunk             ||    10
Armor: Robe              ||    75
Dodge: Dodged            ||    59
Block: Shield            ||    94
